 Dungeon Crawl Stone Soup version 0.29.1-12-g30fa7ad0bf (webtiles) character file.

Game seed: 3569091551839800332

40 Destapler the Shield-Bearer (level 3, 33/33 HPs)
             Began as a Minotaur Fighter on Dec 12, 2022.
             Got out of the dungeon alive.
             The game lasted 00:04:59 (730 turns).

Destapler the Shield-Bearer (Minotaur Fighter)       Turns: 730, Time: 00:05:00

Health: 33/33      AC:  8    Str: 22    XL:     3   Next: 30%
Magic:  2/2        EV:  9    Int:  5    God:
Gold:   51         SH:  4    Dex:  9    Spells: 2/2 levels left

rFire   . . .      SeeInvis .   a - +0 flail
rCold   . . .      Faith    +   c - +0 buckler
rNeg    . . .      Spirit   .   b - +0 scale mail
rPois   .          Reflect  .   (helmet restricted)
rElec   .          Harm     .   j - scarf {repulsion}
rCorr   .          Rampage  .   g - +0 pair of gloves
Will    .....                   (no boots)
Stlth   ..........              k - amulet of faith
HPRegen 0.11/turn               (no ring)
MPRegen 0.08/turn               (no ring)

@: repel missiles
A: horns 2, retaliatory headbutt
a: no special abilities


You escaped.
You visited 1 branch of the dungeon, and saw 1 of its levels.

You collected 51 gold pieces.

Inventory:

Hand Weapons
 a - a +0 flail (weapon)
Armour
 b - a +0 scale mail (worn)
 c - a +0 buckler (worn)
 g - a +0 pair of gloves (worn)
 j - a scarf of repulsion (worn)
Jewellery
 k - an amulet of faith (around neck)
Scrolls
 f - 2 scrolls of identify {unknown}
 h - a scroll of amnesia {unknown}
 i - a scroll of teleportation {unknown}
Potions
 d - a potion of degeneration {unknown}
 e - a potion of haste {unknown}


   Skills:
 + Level 4.2 Fighting
 + Level 3.0 Maces & Flails
 - Level 4.0 Armour
 + Level 4.2 Shields


You had 2 spell levels left.
You didn't know any spells.
Your spell library contained the following spells:

 Spells                   Type           Power      Damage    Failure   Level
 Necrotise                Necr           0%         1d4       87%         1
 Sublimation of Blood     Necr           0%         N/A       95%         2
 Vampiric Draining        Necr           0%         2d6       99%         3
 Anguish                  Hex/Necr       0%         N/A       100%        4


Dungeon Overview and Level Annotations

Branches:
Dungeon (1/15)

Altars:
Kikubaaqudgha


Innate Abilities, Weirdness & Mutations

You have a pair of horns on your head.
You reflexively headbutt those who attack you in melee.


Message History

A goblin comes into view. It is wielding a +0 club.
The goblin shouts!
A goblin is nearby!
Found a faded altar of an unknown god.
The goblin hits you with a +0 club.
You hit the goblin.
You kill the goblin!
No target in view!
No target in view!
Things that are here:
a +0 club; a goblin corpse
Found 16 gold pieces.
Found 7 gold pieces.
There is a faded altar of an unknown god here.
You cannot tell which god this altar belongs to.
Convert to them anyway?
Kikubaaqudgha accepts your prayer! Kikubaaqudgha welcomes you!
Your amulet flashes!
You can now bring forth the wretched and dying.
Kikubaaqudgha grants you a gift!
You add the spells Necrotise, Sublimation of Blood, Vampiric Draining and Anguish to your library.
You now have 44 gold pieces (gained 16).
You now have 51 gold pieces (gained 7).
Okay, then.
Okay, then.
Okay, then.
Really renounce your faith, foregoing its fabulous benefits?
Are you sure?
You have lost your religion!
Kikubaaqudgha does not appreciate desertion!
You sense decay.
Found a weird runed staff.
You open the door.
There is an open door here.
You see here a +0 ring mail.
You see here a +0 flail.
There is an open gate here.
There is a staircase leading out of the dungeon here.
Are you sure you want to leave the Dungeon?
This will make you lose the game!
You have escaped!

#.....#
#.#####
#######.##
#........#
#.######.###
#8'''8#
#.###.#
##...##
#..@..#
#######


There were no monsters in sight!

Vanquished Creatures
  2 dart slugs (D:1)
  5 bats (D:1)
  4 endoplasms (D:1)
  A giant cockroach (D:1)
  2 goblins (D:1)
  A hobgoblin (D:1)
  8 jackals (D:1)
  2 ball pythons (D:1)
  A frilled lizard (D:1)
  4 kobolds (D:1)
  2 rats (D:1)
32 creatures vanquished.

Vanquished Creatures (others)
  A plant (D:1)
1 creature vanquished.

Grand Total: 33 creatures vanquished

Notes
Turn   | Place    | Note
-------+----------+-------------------------------------------
     0 | D:1      | Destapler the Minotaur Fighter began the quest for the Orb.
     0 | D:1      | Reached XP level 1. HP: 19/19 MP: 0/0
    71 | D:1      | Reached XP level 2. HP: 27/27 MP: 1/1
   381 | D:1      | Reached XP level 3. HP: 23/33 MP: 2/2
   624 | D:1      | Found a faded altar of an unknown god.
   633 | D:1      | Prayed at the altar of an unknown god.
   633 | D:1      | Became a worshipper of Kikubaaqudgha
   633 | D:1      | Reached * piety under Kikubaaqudgha
   633 | D:1      | Received a gift from Kikubaaqudgha
   648 | D:1      | Fell from the grace of Kikubaaqudgha
   730 | D:$      | Got out of the dungeon alive.

Illustrated notes

Levels and vault maps discovered:
D:1:      saegor_arrival_simple_c, layout_basic, shapermc_ecumenical_altar_gd

Skill      XL: |  1  2  3 |
---------------+----------+-----
Fighting       | 4 |  4.2
Shields        | 4 |  4.2
Armour         | 4 |  4.0
Maces & Flails | 3 |  3.0

Action                   || total
-------------------------++-------
Melee: Flail             ||    64
       Headbutt          ||     4
Invok: Renounce Religion ||     1
  Use: Potion            ||     1
Armor: Scale mail        ||    52
Dodge: Dodged            ||    60
Block: Buckler           ||    27
